 Dungeon Crawl Stone Soup version 0.28-a0-79-g444c7a33f5 (webtiles) character file.

Game seed: 5817666395410251837

227 siradein the Vexing (level 5, -1/32 (35) HPs)
             Began as a Vampire Enchanter on Aug 3, 2021.
             Slain by a necrophage (6 damage)
             ... on level 4 of the Dungeon.
             The game lasted 00:13:36 (4390 turns).

siradein the Vexing (Vampire Enchanter)             Turns: 4390, Time: 00:13:37

HP:   -1/32 (35)    AC:  3    Str:  7    XL:     5   Next: 70%
MP:   8/11          EV: 12    Int: 18    God:
Gold: 139           SH:  0    Dex: 15    Spells: 3/12 levels left

rFire   . . .      SeeInvis +   a - +1 dagger
rCold   . . .      Faith    .   (no shield)
rNeg    . . .      Spirit   .   b - +0 robe
rPois   .          Reflect  .   (no helmet)
rElec   .          Harm     .   g - +0 cloak
rCorr   .          Rampage  .   (no gloves)
Will    .....                   (no boots)
Stlth   +++.......              (no amulet)
HPRegen 0.30/turn               (no ring)
MPRegen 0.12/turn               (no ring)

@: healing quickly, drained
A: alive, fangs 3, see invisible, vampiric 2
a: Exsanguinate


You were on level 4 of the Dungeon.
You visited 1 branch of the dungeon, and saw 4 of its levels.

You collected 139 gold pieces.

Inventory:

Hand Weapons
 a - a +1 dagger (weapon)
Armour
 b - a +0 robe (worn)
 g - a +0 cloak (worn)
Jewellery
 f - a ring of fire
Wands
 o - a wand of acid (5)
 s - a wand of iceblast (11)
Scrolls
 d - 7 scrolls of identify {unknown}
 e - a scroll of noise {unknown}
 k - a scroll of blinking {unknown}
 l - a scroll of magic mapping {unknown}
 m - a scroll of teleportation {unknown}
 p - a scroll of amnesia {unknown}
 q - a scroll of summoning {unknown}
 r - a scroll of acquirement {unknown}
Potions
 c - 2 potions of curing {unknown}
 h - 2 potions of berserk rage {unknown}
 i - a potion of cancellation {unknown}
 j - 2 potions of haste {unknown}
 n - a potion of ambrosia {unknown}


   Skills:
 - Level 1.1 Short Blades
 - Level 2.1 Dodging
 - Level 4.4 Stealth
 * Level 4.4 Spellcasting
 + Level 6.9 Hexes


You had 3 spell levels left.
You knew the following spells:

 Your Spells              Type           Power      Damage    Failure   Level
a - Corona                Hex            31%        N/A       1%          1
b - Tukima's Dance        Hex            28%        N/A       2%          3
c - Confusing Touch       Hex            28%        N/A       2%          3
d - Ensorcelled Hibernat  Hex/Ice        32%        N/A       5%          2

Your spell library contained the following spells:

 Spells                   Type           Power      Damage    Failure   Level
 Dazzling Flash           Conj/Hex       32%        N/A       11%         3


Dungeon Overview and Level Annotations

Branches:
Dungeon (4/15)
 Temple: D:4-7

Altars:


Innate Abilities, Weirdness & Mutations

Your natural rate of healing is accelerated.
You have razor-sharp teeth.
You have supernaturally acute eyesight. (SInv)
You are afflicted with vampirism and can become a bat while bloodless.


Message History

The necrophage barely misses you.
Aiming: Corona (safe; 1% risk of failure)
Press: ? - help, Q - select action, (/) - cycle Shift-Dir - straight line, f/p - necrophage
Aim: a necrophage (moderately damaged, chance to affect: 50%)
The necrophage resists with significant effort.
The necrophage barely misses you.
You hit the necrophage but do no damage.
The necrophage is moderately damaged.
You hit the necrophage.
You bite the necrophage, but do no damage.
The necrophage is moderately damaged.
The necrophage hits you.
Aiming: Corona (safe; 1% risk of failure)
Press: ? - help, Q - select action, (/) - cycle Shift-Dir - straight line, f/p - necrophage
Aim: a necrophage (moderately damaged, chance to affect: 50%)
The necrophage is outlined in light.
The necrophage hits you.
You feel drained.
You hit the necrophage but do no damage.
The necrophage is moderately damaged.
The necrophage hits you.
You are too injured to fight recklessly!
You are too injured to fight recklessly!
You are too injured to fight recklessly!
You are too injured to fight recklessly!
You barely miss the necrophage.
The necrophage is moderately damaged.
The necrophage hits you but does no damage.
You hit the necrophage. You bite the necrophage.
The necrophage is heavily damaged.
The necrophage hits you.
You hit the necrophage but do no damage.
The necrophage is heavily damaged.
The necrophage hits you.
* * * LOW HITPOINT WARNING * * *
You feel drained.
* * * LOW HITPOINT WARNING * * *
You hit the necrophage but do no damage.
The necrophage is heavily damaged.
The necrophage hits you.
You die...

#...# ........ #... #....#.
#......# #....# #....##.#....#
.....# #....#.#.#..# # #.....#
#.....#.##..##.#......#
#......##....##.......#
#...................).#
##...........@n.........
#.......##....##.......#
#......#.##..##.#......#
#.....#.#.#..#.# #....##
#.....##.#....# ....#
#>...#.##......# ...# #####
####...#.#.......... #.... #....
....#..##............ ..## #.###
###.#.#................#.####.###


You could see a necrophage (corona).

Vanquished Creatures
  A jelly (D:4)
  A hound skeleton (D:4)
  A gnoll (D:4)
  8 adders
  2 worms
  4 dart slugs
  3 endoplasms
  3 giant cockroaches
  5 goblins
  8 hobgoblins
  6 jackals
  5 quokkas
  8 ball pythons
  4 bats
  6 frilled lizards
  4 kobolds
  8 rats
77 creatures vanquished.

Vanquished Creatures (collateral kills)
  2 gnolls (D:4)
  3 orcs (D:3)
  2 goblins
  A kobold (D:3)
8 creatures vanquished.

Grand Total: 85 creatures vanquished

Notes
Turn   | Place    | Note
-------+----------+-------------------------------------------
     0 | D:1      | siradein the Vampire Enchanter began the quest for the Orb.
     0 | D:1      | Reached XP level 1. HP: 13/13 MP: 3/3
   307 | D:1      | Reached skill level 5 in Hexes
   441 | D:1      | Reached XP level 2. HP: 8/19 MP: 3/5
   752 | D:1      | Found a faded altar of an unknown god.
   752 | D:1      | Noticed a Hell Sentinel
  1193 | D:2      | Gained mutation: You are afflicted with vampirism and can
                  | become a bat while bloodless. [Vampire growth]
  1193 | D:2      | Reached XP level 3. HP: 23/24 MP: 4/6
  1201 | D:2      | Learned a level 3 spell: Tukima's Dance
  1219 | D:2      | Learned a level 3 spell: Confusing Touch
  2040 | D:2      | Reached XP level 4. HP: 30/30 MP: 8/8
  2073 | D:2      | Reached skill level 6 in Hexes
  3477 | D:3      | Learned a level 2 spell: Ensorcelled Hibernation
  3574 | D:4      | Reached XP level 5. HP: 29/35 MP: 8/10
  4178 | D:4      | Noticed a necrophage
  4390 | D:4      | Slain by a necrophage

Illustrated notes

Levels and vault maps discovered:
D:1:      zelgadis_glass_arrival_small, layout_basic,
          dreamdust_ecumenical_altar_sealed_demon
D:2:      layout_basic, grunt_decor_cap
D:3:      minmay_door_path, layout_basic
D:4:      layout_loops_cross, minmay_misc_feat_secret_circle

Skill      XL: |  1  2  3  4  5 |
---------------+----------------+-----
Hexes          | 5 6 |  6.9
Spellcasting   | 3 4 |  4.4
Short Blades   | |  1.1
Dodging        | |  2.1
Stealth        | |  4.4

Action                   |  1- 3 |  4- 6 || total
-------------------------+-------+-------++-------
Melee: Dagger            |   184 |   189 ||   373
       Bite              |     7 |    19 ||    26
 Cast: Corona            |    21 |     7 ||    28
       Confusing Touch   |     5 |    16 ||    21
       Tukima's Dance    |       |    11 ||    11
       Ensorcelled Hiber |       |     4 ||     4
 Stab: Sleeping          |    11 |     5 ||    16
       Confused          |     5 |     8 ||    13
       Distracted        |       |     1 ||     1
Armor: Robe              |    40 |    33 ||    73
Dodge: Dodged            |   120 |   106 ||   226

Table legend: (Time is in decaauts)
 A = Elapsed time spent in this place.
 B = Non-inter-level travel time spent in this place.
 C = Inter-level travel time spent in this place.
 D = Time resting spent in this place.
 E = Time spent auto-exploring this place.
 F = Levels seen in this place.
 G = Mean time per level.
                   A        B        C        D        E       F      G
               +--------+--------+--------+--------+--------+-----+--------+
         Total |   4369 |   4301 |     68 |     41 |   3346 |   4 | 1092.2 |
       Dungeon |   4369 |   4301 |     68 |     41 |   3346 |   4 | 1092.2 |
               +--------+--------+--------+--------+--------+-----+--------+

Top non-repeatable levels by time:
     D:2: 1193 daAuts
     D:1: 1178 daAuts
     D:3: 1112 daAuts
     D:4: 884 daAuts
